 Dungeon Crawl Stone Soup version 0.24-a0-433-gbe6fa4f6cc (webtiles) character file.

Game seed: 1765271837558223408

7410 theanonym the Thaumaturge (level 10, -16/56 HPs)
             Began as a Deep Elf Earth Elementalist on June 14, 2019.
             Was a Believer of Vehumet.
             Killed from afar by Josephine (38 damage)
             ... with a ghostly fireball
             ... on level 11 of the Dungeon.
             The game lasted 00:22:06 (10726 turns).

theanonym the Thaumaturge (DEEE)                   Turns: 10726, Time: 00:22:07

Health: -16/56     AC:  3    Str:  5    XL:     10   Next: 92%
Magic:  30/37      EV: 14    Int: 24    God:    Vehumet [**....]
Gold:   541        SH:  0    Dex: 15    Spells: 19/34 levels left

rFire    . . .     SeeInvis .   a - +5 whip (elec)
rCold    . . .     Gourm    .   (no shield)
rNeg     . . .     Faith    +   z - +1 robe {MR+}
rPois    .         Spirit   .   (no helmet)
rElec    .         Reflect  .   (no cloak)
rCorr    .         Harm     .   (no gloves)
MR       ++...                  (no boots)
Stlth    ++........             r - amulet of faith
HPRegen  0.18/turn              b - ring of magical power
MPRegen  0.25/turn              F - ring of wizardry

@: heavily drained
A: no striking features
a: Renounce Religion


   Skills:
 + Level 3.0(1.7) Fighting
 + Level 5.2(3.9) Dodging
 - Level 2.4(1.1) Stealth
 + Level 12.5(10.8) Spellcasting
 + Level 7.0(5.5) Conjurations
   Level 1.1(0.0) Transmutations
 + Level 5.4(4.0) Fire Magic
 - Level 3.0(1.7) Air Magic
 - Level 10.0(8.4) Earth Magic
 - Level 3.0(1.7) Poison Magic


You had 19 spell levels left.
You knew the following spells:

 Your Spells              Type           Power        Failure   Level  Hunger
a - Stone Arrow           Conj/Erth      #####.       1%          3    None
b - Sandblast             Erth           ######       1%          1    None
c - Conjure Flame         Conj/Fire      #####...     1%          3    None
d - Mephitic Cloud        Conj/Pois/Air  ####....     1%          3    None
z - Lee's Rapid Deconstr  Erth           ######....   1%          5    ####...

Your spell library contained the following spells:

 Spells                   Type           Power        Failure   Level  Hunger
 Throw Flame              Conj/Fire      #####.       1%          2    None
 Beastly Appendage        Tmut           ##....       1%          1    None
 Passwall                 Tmut/Erth      ####....     1%          2    None
 Poisonous Vapours        Pois/Air       ###...       1%          2    None
 Sticks to Snakes         Tmut           ##......     3%          2    None
 Petrify                  Tmut/Erth      ####....     3%          4    None
 Spider Form              Tmut/Pois      ###.......   4%          3    None
 Ice Form                 Ice/Tmut       ##......     19%         4    None
 Blade Hands              Tmut           ##........   45%         5    ####...
 Freezing Cloud           Conj/Ice/Air   ###.......   69%         6    #####..
 Ring of Flames           Chrm/Fire      ###.......   99%         7    #######

Skill      XL: |  1  2  3  4  5  6  7  8  9 10 |
---------------+-------------------------------+-----
Spellcasting   | 4 5 6 8 9 10 11 12 | 12.5
Earth Magic    | 4 5 7 9 10 | 10.0
Conjurations   | 3 5 7 |  7.0
Fire Magic     | 3 5 |  5.4
Air Magic      | 3 |  3.0
Poison Magic   | 3 |  3.0
Fighting       | 3 |  3.0
Dodging        | 5 |  5.2
Stealth        | |  2.4
Transmutations | |  1.1

Action                   |  1- 3 |  4- 6 |  7- 9 | 10-12 || total
-------------------------+-------+-------+-------+-------++-------
Melee: Unarmed           |     3 |       |       |       ||     3
       Dagger            |     1 |     4 |       |       ||     5
       Whip              |       |       |    45 |     3 ||    48
Throw: Throwing net      |       |     1 |       |       ||     1
 Cast: Sandblast         |    43 |    25 |    43 |    16 ||   127
       Stone Arrow       |     6 |    46 |    54 |    42 ||   148
       Lee's Rapid Decon |       |     1 |    37 |    27 ||    65
       Mephitic Cloud    |       |       |     2 |     6 ||     8
Evoke: Wand              |       |       |     1 |       ||     1
  Use: Potion            |     3 |       |     1 |     1 ||     5
       Scroll            |     2 |     5 |     5 |     6 ||    18
 Stab: Sleeping          |       |     1 |     1 |       ||     2
  Eat: Chunk             |     1 |    15 |    12 |     7 ||    35
       Ration            |     1 |       |       |     1 ||     2
Armor: Robe              |     3 |       |    13 |     3 ||    19
Dodge: Dodged            |    25 |    10 |    77 |    10 ||   122

Inventory:

Hand Weapons
 a - a +5 whip of electrocution (weapon)
Missiles
 j - 173 stones (quivered)
 p - a throwing net
Armour
 z - a +1 robe of magic resistance (worn)
Jewellery
 b - a ring of magical power (left hand)
 r - an amulet of faith (around neck)
 F - a ring of wizardry (right hand)
Wands
 c - a wand of clouds (3)
 d - a wand of digging (5)
 v - a wand of enslavement (7)
 w - a wand of flame (4)
 x - a wand of scattershot (7)
 A - a wand of random effects (12)
 G - a wand of iceblast (26)
Scrolls
 f - 2 scrolls of fog
 h - a scroll of random uselessness
 i - 6 scrolls of amnesia
 n - a scroll of remove curse
 t - 3 scrolls of teleportation
 y - a scroll of magic mapping
 B - a scroll of blinking
Potions
 k - 2 potions of flight
 l - a potion of cancellation
 m - 2 potions of might
 o - 2 potions of magic
 s - 2 potions of berserk rage
 u - 9 potions of curing
 C - a potion of agility {unknown}
 D - 2 potions of degeneration {unknown}
Miscellaneous
 g - a fan of gales
Comestibles
 e - 21 rations


You were on level 11 of the Dungeon.
You worshipped Vehumet.
Vehumet was pleased with you.
You were not hungry.

You visited 2 branches of the dungeon, and saw 12 of its levels.

You collected 706 gold pieces.
You spent 165 gold pieces at shops.

Dungeon Overview and Level Annotations

Branches:
Dungeon (11/15)            Temple (1/1) D:7            Lair (0/6) D:11
    Orc: D:9-12

Altars:
Ashenzari
Cheibriados
Dithmenos
Elyvilon
Fedhas
Gozag
Hepliaklqana
Kikubaaqudgha
Makhleb
Nemelex Xobeh
Okawaru
Qazlal
Ru
Sif Muna
Trog
Uskayaw
Vehumet
Wu Jian
Xom
Yredelemnul
Zin
The Shining One

Shops:
D:6 *   D:9 (

Annotations:
D:11 exclusion: oklob plant, Josephine

#.##.# ..##... #.
#.# ....... .. #.#
.........# #.#
......... #)#
......... #÷#
.....@..# #.#
.......## #.#
..##..@####(##
..........)).$##
.###....)....÷.#
#...%###....#
#^.#...≈...#.#
#..#..#...#..#..
....#.##...##.##...
#..


#..PPPP .# ..## #≈..P>P ≈# .# You could see Josephine.

Notes
Turn   | Place    | Note
-------+----------+-------------------------------------------
     0 | D:1      | theanonym the Deep Elf Earth Elementalist began the quest
                  | for the Orb.
     0 | D:1      | Reached XP level 1. HP: 10/10 MP: 6/6
   109 | D:1      | HP: 5/10 [jackal (1)]
   341 | D:1      | Reached XP level 2. HP: 15/15 MP: 6/8
  1002 | D:2      | Reached skill level 4 in Spellcasting
  1002 | D:2      | Reached skill level 4 in Earth Magic
  1150 | D:2      | Reached XP level 3. HP: 18/19 MP: 4/10
  1155 | D:2      | Learned a level 3 spell: Stone Arrow
  1179 | D:2      | Noticed Sigmund
  1488 | D:2      | Killed Sigmund
  1488 | D:2      | Reached skill level 5 in Spellcasting
  1488 | D:2      | Reached skill level 5 in Earth Magic
  1488 | D:2      | Reached XP level 4. HP: 24/24 MP: 4/13
  1488 | D:2      | Reached XP level 5. HP: 28/28 MP: 4/15
  1923 | D:3      | Found a white marble altar of Elyvilon.
  2097 | D:3      | Reached skill level 6 in Spellcasting
  2467 | D:3      | Reached XP level 6. HP: 32/32 MP: 0/17
  2889 | D:3      | Learned a level 5 spell: Lee's Rapid Deconstruction
  3004 | D:4      | Noticed a sky beast
  3201 | D:4      | Noticed Pikel
  3201 | D:4      | Noticed a slave
  3201 | D:4      | Noticed a slave
  3201 | D:4      | Noticed a slave
  3201 | D:4      | Noticed a slave
  3291 | D:4      | Found a glowing golden altar of the Shining One.
  3299 | D:4      | Killed a sky beast
  3299 | D:4      | Reached skill level 6 in Earth Magic
  3303 | D:4      | Reached skill level 7 in Spellcasting
  3442 | D:4      | Killed Pikel
  3442 | D:4      | Reached skill level 8 in Spellcasting
  3442 | D:4      | Reached skill level 7 in Earth Magic
  3442 | D:4      | Reached XP level 7. HP: 36/36 MP: 21/21
  3498 | D:4      | Reached skill level 9 in Spellcasting
  3669 | D:4      | Reached XP level 8. HP: 41/41 MP: 23/23
  3809 | D:4      | Reached skill level 8 in Earth Magic
  3995 | D:5      | Entered Level 5 of the Dungeon
  4331 | D:5      | Reached skill level 1 in Conjurations
  4332 | D:5      | Reached skill level 10 in Spellcasting
  4477 | D:5      | Reached skill level 2 in Conjurations
  4478 | D:5      | Reached skill level 9 in Earth Magic
  4483 | D:5      | HP: 20/41 [centaur/arrow (7)]
  4490 | D:5      | Reached skill level 3 in Conjurations
  4503 | D:5      | HP: 15/41 [phantom (7)]
  4817 | D:5      | Found a shattered altar of Ashenzari.
  5305 | D:6      | Found a burning altar of Makhleb.
  5307 | D:6      | Reached XP level 9. HP: 45/45 MP: 23/25
  5466 | D:6      | Reached skill level 4 in Conjurations
  5488 | D:6      | Learned a level 3 spell: Conjure Flame
  5492 | D:6      | Learned a level 3 spell: Mephitic Cloud
  5604 | D:6      | Found Cihosh's Assorted Antiques.
  5614 | D:6      | Bought a murky coppery potion for 25 gold pieces
  5614 | D:6      | Bought a scroll of identify for 56 gold pieces
  5614 | D:6      | Bought a scroll of identify for 56 gold pieces
  5614 | D:6      | Bought a scroll labeled RYAPSE PIPOLEL for 28 gold pieces
  5860 | D:6      | Reached skill level 11 in Spellcasting
  5981 | D:6      | Reached skill level 1 in Fire Magic
  5981 | D:6      | Reached skill level 1 in Air Magic
  5981 | D:6      | Reached skill level 1 in Poison Magic
  6284 | D:7      | Found a staircase to the Ecumenical Temple.
  6291 | Temple   | Entered the Ecumenical Temple
  6534 | D:7      | Reached skill level 2 in Poison Magic
  6541 | D:7      | HP: 20/45 [adder (3)]
  6546 | D:6      | HP: 16/45 [poisoned by an adder]
  6551 | D:6      | HP: 14/45 [poisoned by an adder]
  6556 | D:6      | HP: 12/45 [poisoned by an adder]
  6563 | D:6      | HP: 11/45 [poisoned by an adder]
  6571 | D:6      | HP: 11/45 [poisoned by an adder]
  6800 | D:7      | HP: 13/45 [ice beast (12)]
  6809 | D:7      | HP: 14/45 [jackal skeleton (1)]
  6833 | D:7      | Found an opulent altar of Gozag.
  7028 | D:7      | HP: 20/45 [ogre/+0 giant club (25)]
  7035 | D:7      | HP: 10/45 [hound (5)]
  7037 | D:7      | Reached skill level 2 in Fire Magic
  7292 | D:7      | Found an ancient bone altar of Kikubaaqudgha.
  7295 | D:7      | Found a hazy altar of Hepliaklqana.
  7295 | D:7      | Found a radiant altar of Vehumet.
  7299 | D:7      | Found a basalt altar of Yredelemnul.
  7337 | D:7      | Became a worshipper of Vehumet
  7559 | D:8      | Reached skill level 2 in Air Magic
  7767 | D:8      | Noticed a gargoyle
  7768 | D:8      | Killed a gargoyle
  7768 | D:8      | Reached skill level 5 in Conjurations
  7768 | D:8      | Reached skill level 10 in Earth Magic
  7996 | D:8      | Reached skill level 3 in Poison Magic
  8130 | D:8      | Reached skill level 3 in Fire Magic
  8405 | D:8      | Reached skill level 3 in Air Magic
  8405 | D:8      | Reached XP level 10. HP: 50/50 MP: 27/27
  8677 | D:9      | Found Fyqoitot's Weapon Boutique.
  8737 | D:9      | Reached * piety under Vehumet
  8737 | D:9      | Offered knowledge of Flame Tongue by Vehumet.
  8822 | D:9      | Noticed a two-headed ogre
  8828 | D:9      | Killed a two-headed ogre
  8828 | D:9      | Reached skill level 1 in Fighting
  8828 | D:9      | Reached skill level 3 in Dodging
  8828 | D:9      | Reached skill level 4 in Fire Magic
  8845 | D:9      | Reached skill level 6 in Conjurations
  9208 | D:9      | Found a hide-covered altar of Uskayaw.
  9219 | D:9      | Reached skill level 12 in Spellcasting
  9674 | D:10     | Entered Level 10 of the Dungeon
  9741 | D:10     | Reached skill level 4 in Dodging
  9896 | D:10     | Reached skill level 2 in Fighting
  9951 | D:10     | Found a shattered altar of Ashenzari.
 10172 | D:10     | You fall into a shaft and drop 1 floor!
 10172 | D:11     | Found a staircase to the Lair.
 10173 | D:11     | Noticed an oklob plant
 10361 | D:11     | Reached skill level 5 in Fire Magic
 10437 | D:11     | Reached ** piety under Vehumet
 10437 | D:11     | Offered knowledge of Throw Flame by Vehumet.
 10457 | D:11     | HP: 20/54 [wraith[Josephine] (14)]
 10458 | D:11     | Reached skill level 5 in Dodging
 10464 | D:11     | HP: 13/54 [wraith[Josephine] (9)]
 10641 | D:11     | Reached skill level 3 in Fighting
 10641 | D:11     | Reached skill level 7 in Conjurations
 10721 | D:11     | Noticed Josephine
 10725 | D:11     | HP: 22/56 [Josephine/ghostly fireball (34)]
 10726 | D:11     | Killed from afar by Josephine

Vanquished Creatures
  A two-headed ogre (D:9)
  Pikel (D:4)
  A gargoyle (D:8)
  A komodo dragon (shapeshifter) (D:10)
  A hornet (D:8)
  Sigmund (D:2)
  5 wraiths (D:11)
  A human (D:8)
  A hungry ghost (D:10)
  2 orc warriors
  5 ice beasts
  A black bear (D:6)
  3 phantoms
  3 sky beasts
  6 ogres
  7 centaurs
  2 big kobolds (D:11)
  A crocodile (D:11)
  2 bullfrogs
  2 scorpions
  4 killer bees (D:10)
  2 howler monkeys
  5 crimson imps
  2 bullfrog zombies
  A bullfrog skeleton (D:6)
  5 hounds
  5 jellies
  9 orc wizards
  2 orc priests (D:8)
  A centaur skeleton (D:5)
  An iguana (D:9)
  7 worker ants
  2 howler monkey zombies
  A gnoll (D:4)
  8 adders
  4 shadow imps
  An ooze (D:6)
  An adder zombie (D:5)
  2 adder skeletons
  4 worms
  4 dart slugs
  4 leopard geckos
  16 orcs
  A ball python (D:3)
  7 bats
  3 giant cockroaches
  6 hobgoblins
  8 jackals
  9 kobolds
  3 quokkas
  8 frilled lizards
  12 goblins
  A jackal skeleton (D:7)
  2 leopard gecko skeletons
  5 rats
203 creatures vanquished.

Table legend:
 A = Turns spent in this place as a percentage of turns spent in the entire game.
 B = Non-inter-level travel turns spent in this place as a percentage of non-inter-level travel turns spent in the entire game.
 C = Inter-level travel turns spent in this place as a percentage of turns spent in this place.
 D = Turns resting spent in this place as a percentage of non-inter-level travel turns spent in this place.
 E = Turns spent auto-exploring this place as a percentage of non-inter-level travel turns spent in this place.
 F = Non-inter-level travel turns spent in this place divided by the number of levels of this place that you've seen.
                   A       B       C       D       E      F
               +-------+-------+-------+-------+-------+----------------------
         Total | 100.0 | 100.0 |   3.5 |  36.8 |  50.3 | 862.8
       Dungeon |  98.3 |  98.3 |   3.4 |  37.5 |  49.6 | 925.5
        Temple |   1.7 |   1.7 |   7.5 |   0.0 |  90.8 | 173.0
               +-------+-------+-------+-------+-------+----------------------
